AoeStats
← Frostivus

Arabia

506355022Analyzed
1v1 RM · 20d ago on Sep 13, 2026· 47m 21s· 2 players
Game mode
Random Map
Map size
Tiny (2 player)
Population
200
Speed
Normal
Resources
Standard
Victory
Conquest
Starting age
Dark Age
Ending age
Imperial Age
RankedLock teamsTeams togetherTeam positionsShared explorationLock speedFull tech treeHidden civsTurbo modeCheats
Victory
Defeat
🇹🇷 Slavs · Türkiye
956
+15
🇸🇪 Huns · Sweden
934
-15
BadPaprika97307
7:46 Loom
13:18 Feudal Age
13:19 Man-at-Arms
13:45 Fishing Lines
16:46 Double-Bit Axe
23:26 Castle Age
22:45 Scale Barding Armor
22:51 Forging
23:03 Horse Collar
23:47 Bloodlines
27:50 Chain Barding Armor
29:03 Fletching
30:56 Iron Casting
34:41 Long Swordsman
34:43 Pikeman
35:27 Squires
36:06 Heavy Plow
41:49 Imperial Age
40:35 Bodkin Arrow
42:53 Bracer
43:30 Plate Barding Armor
43:01 Scale Mail Armor
45:03 Blast Furnace
Frostivus
10:19 Feudal Age
8:34 Loom
12:18 Double-Bit Axe
12:21 Horse Collar
15:47 Gold Mining
20:19 Castle Age
21:53 Bow Saw
21:47 Heavy Plow
27:43 Wheelbarrow
30:52 Husbandry
31:37 Scale Barding Armor
31:43 Forging
33:36 Hand Cart
34:08 Gold Shaft Mining
34:32 Iron Casting
34:17 Chain Barding Armor
39:26 Imperial Age
37:17 Murder Holes
38:48 Town Watch
40:14 Elite Boyar
40:22 Elite Boyar
42:23 Town Patrol
43:15 Plate Barding Armor
45:14 Scale Mail Armor
46:15 Blast Furnace
Connection lost

Rejoining the realm…

Still unreachable

The connection could not be restored.

Session expired

The server has moved on; the page needs a fresh start.